 Dungeon Crawl Stone Soup version 0.30-a0-23-ge60ba3568b (webtiles) character file.

Game seed: 958406165928097448

19716 siradein the Grappler (level 12, -4/120 HPs)
             Began as a Troll Fighter on Aug 25, 2022.
             Slain by a six-headed hydra (10 damage)
             ... on level 2 of the Lair of Beasts.
             The game lasted 00:30:30 (11625 turns).

siradein the Grappler (Troll Fighter)              Turns: 11625, Time: 00:30:31

Health: -4/120     AC: 19    Str: 27    XL:     12   Next: 39%
Magic:  11/11      EV: 14    Int:  4    God:
Gold:   1028       SH: 10    Dex: 13    Spells: 11/11 levels left

rFire   + . .      SeeInvis .    M - +2 trident (protect)
rCold   . . .      Faith    .    b - +0 kite shield
rNeg    . . .      Spirit   .    c - +0 acid dragon scales
rPois   .          Reflect  .    (helmet restricted)
rElec   +          Harm     .    K - +2 cloak {rCorr}
rCorr   +          Rampage  .    (gloves unavailable)
Will    .....      Clarity  +    (boots unavailable)
Stlth   +.........               (no amulet)
HPRegen 1.10/turn                n - ring of protection from fire
MPRegen 0.12/turn                a - +4 ring of evasion

@: under a protective aura
A: large, unfitting armour, claws 3, regeneration 1, shaggy fur 1, tough skin 1,
clarity, electricity resistance
a: no special abilities


You were on level 2 of the Lair of Beasts.
You visited 3 branches of the dungeon, and saw 14 of its levels.

You collected 1028 gold pieces.

Inventory:

Hand Weapons
 M - a +2 trident of protection (weapon)
Missiles
 f - 4 atropa-tipped darts
 i - 75 stones
 s - 17 boomerangs (quivered)
 E - 5 silver javelins
 F - 18 large rocks
 G - 4 curare-tipped darts
Armour
 b - a +0 kite shield (worn)
 c - +0 acid dragon scales (worn)
 K - a +2 cloak of preservation (worn)
Jewellery
 a - a +4 ring of evasion (right claw)
 n - a ring of protection from fire (left claw)
 y - a ring of wizardry
 H - a ring of protection from cold
 Q - a ring of see invisible
Wands
 u - a wand of charming (6)
 A - a wand of iceblast (11)
 C - a wand of digging (8)
 I - a wand of flame (38)
 J - a wand of light (4)
 P - a wand of polymorph (2)
Scrolls
 h - a scroll of fear
 j - 3 scrolls of enchant weapon {unknown}
 l - 2 scrolls of amnesia {unknown}
 q - a scroll of immolation {unknown}
 r - 3 scrolls of noise {unknown}
 v - a scroll of brand weapon {unknown}
 w - 4 scrolls of teleportation
 x - a scroll of silence {unknown}
 z - 2 scrolls of poison {unknown}
 B - a scroll of vulnerability {unknown}
 D - a scroll of fog {unknown}
 L - 3 scrolls of magic mapping {unknown}
 N - a scroll of blinking
Potions
 d - 5 potions of curing
 e - 3 potions of lignification
 g - 3 potions of haste
 k - 3 potions of flight
 m - 2 potions of brilliance
 o - 2 potions of resistance
 p - 2 potions of mutation
 t - a potion of invisibility


   Skills:
 + Level 8.3 Fighting
 + Level 8.3 Throwing
 + Level 5.4 Armour
 + Level 6.0 Dodging
 + Level 9.1 Shields
 + Level 9.8 Unarmed Combat


You had 11 spell levels left.
You didn't know any spells.
Your spell library contained the following spells:

 Spells                   Type           Power      Damage    Failure   Level
 Freeze                   Ice            0%         1d3       78%         1
 Static Discharge         Conj/Air       0%         3-3/arc   89%         2
 Sublimation of Blood     Necr           0%         N/A       89%         2
 Wereblood                Tmut           0%         N/A       89%         2
 Conjure Flame            Conj/Fire      0%         6-21      98%         3
 Frozen Ramparts          Ice            0%         1d1       98%         3
 Ignite Poison            Fire/Tmut/Pois 0%         N/A       98%         3
 Inner Flame              Hex/Fire       0%         N/A       98%         3
 Ozocubu's Armour         Ice            0%         N/A       98%         3
 Tukima's Dance           Hex            0%         N/A       98%         3
 Anguish                  Hex/Necr       0%         N/A       100%        4
 Dispel Undead            Necr           0%         3d6       100%        4
 Fulminant Prism          Conj/Hex       0%         3d6       100%        4
 Hailstorm                Conj/Ice       0%         3d3       100%        4
 Iskenderun's Mystic Bla  Conj/Tloc      0%         2d3       100%        4
 Sticky Flame             Conj/Fire      0%         2d3       100%        4
 Lee's Rapid Deconstruct  Erth           0%         3d5*      100%        5
 Lightning Bolt           Conj/Air       0%         1d11      100%        5
 Ozocubu's Refrigeration  Ice            0%         4d7       100%        7
 Summon Hydra             Summ           0%         N/A       100%        7
 Maxwell's Capacitive Co  Air            0%         ∞         100%        8


Dungeon Overview and Level Annotations

Branches:
Dungeon (11/15)            Temple (1/1) D:5            Lair (2/5) D:9
  Swamp: Lair:2-3    Shoals: Lair:2-3     Snake: Lair:2-3    Spider: Lair:2-3
    Orc: D:9-12

Altars:
Ashenzari
Cheibriados
Dithmenos
Elyvilon
Fedhas
Gozag
Hepliaklqana
Kikubaaqudgha
Makhleb
Nemelex Xobeh
Okawaru
Qazlal
Ru
Sif Muna
Trog
Uskayaw
Vehumet
Wu Jian
Xom
Yredelemnul
Zin
The Shining One

Shops:
D:2 ((*([   D:7 [   D:8 *   D:9 [


Innate Abilities, Weirdness & Mutations

You are too large for most types of armour.
You have claws for hands.
Your natural rate of healing is unusually fast.
You are covered in fur. (AC +1)
You have tough skin. (AC +1)
You possess an exceptional clarity of mind.
You are resistant to electric shocks. (rElec)


Message History

The six-headed hydra is moderately wounded.
You block the six-headed hydra's attack.
The six-headed hydra closely misses you.
The six-headed hydra bites you!
The six-headed hydra bites you but does no damage.
The six-headed hydra barely misses you.
The six-headed hydra bites you but does no damage.
The six-headed hydra closely misses you.
The six-headed hydra bites you! The six-headed hydra bites you. x2
The six-headed hydra closely misses you.
You block the six-headed hydra's attack.
You hit the six-headed hydra.
The six-headed hydra is moderately wounded.
The six-headed hydra bites you but does no damage.
The six-headed hydra closely misses you.
The six-headed hydra bites you.
The six-headed hydra bites you but does no damage.
The six-headed hydra barely misses you. x2
You puncture the six-headed hydra!
The six-headed hydra is moderately wounded.
The six-headed hydra barely misses you.
The six-headed hydra bites you but does no damage.
The six-headed hydra bites you.
* * * LOW HITPOINT WARNING * * *
The six-headed hydra misses you. The six-headed hydra bites you!
* * * LOW HITPOINT WARNING * * *
The six-headed hydra bites you!
* * * LOW HITPOINT WARNING * * *
You puncture the six-headed hydra!
The six-headed hydra is heavily wounded.
You block the six-headed hydra's attack. x3
The six-headed hydra bites you but does no damage.
The six-headed hydra bites you!
* * * LOW HITPOINT WARNING * * *
You block the six-headed hydra's attack.
The six-headed hydra closely misses you.
The six-headed hydra bites you.
* * * LOW HITPOINT WARNING * * *
The six-headed hydra bites you!
You die...

.≈≈≈≈~≈~≈~≈≈≈≈...#.#
♣.≈≈≈≈~≈~≈≈≈≈.♣♣.#.#
♣....♣.♣....♣♣#.#.#
### #.###### #.#.#
♣♣♣♣♣.♣♣♣♣♣♣♣#.#.#
.#
♣...........♣#.#'#
♣♣♣.
♣.♣♣♣♣♣♣♣♣♣.♣#♣...
... ♣.♣ ♣♣.♣ ##∩##
♣@♣ ##∩# ##...## ♣D♣
##... #<....# ♣.♣
#.... #....># ♣.♣
#>... #<....# ♣.♣
#.... ##...## ♣.♣
##... ##∩## ♣.♣ ##∩#
♣†♣♣ ♣.. ♣.. #♣.♣.♣#
#♣♣♣♣


You could see a six-headed hydra.

Vanquished Creatures
  2 hydras
  A boulder beetle (Lair:1)
  3 two-headed ogres
  2 cyclopes
  5 centaur zombies (D:10)
  3 cane toads
  A kobold demonologist (D:9)
  2 komodo dragons (Lair:2)
  2 unseen horror zombies (D:10)
  A polar bear (Lair:1)
  A troll (D:9)
  A slime creature (D:9)
  Grinder (D:3)
  A vampire (D:10)
  4 wraiths
  2 basilisks
  5 wyverns
  5 shadows (D:10)
  7 yaks
  3 steam dragons
  Menkaure (D:6)
  5 water moccasins
  3 acid dragons
  Duvessa (D:6)
  3 orc warriors
  2 ice beasts
  3 black bears
  2 ogres
  5 centaurs
  6 wolves (Lair:1)
  A phantom (D:6)
  A kobold brigand (D:10)
  9 bullfrogs
  4 gnoll sergeants
  5 scorpions
  2 necrophages
  5 wights
  Dowan (D:6)
  An electric eel (Lair:1)
  21 killer bees
  5 howler monkeys
  5 jellies
  8 orc priests
  8 hounds
  A gnoll bouda (D:7)
  4 iguanas
  13 orc wizards
  A howler monkey zombie (D:10)
  Robin (D:3)
  24 gnolls
  7 adders
  2 shadow imps
  A worm (D:2)
  5 dart slugs
  46 orcs
  7 bats
  7 endoplasms
  3 giant cockroaches
  15 goblins
  9 hobgoblins
  9 jackals
  12 kobolds
  3 quokkas
  7 ball pythons
  2 frilled lizards (D:2)
  9 rats
347 creatures vanquished.

Vanquished Creatures (others)
  A gnoll (D:9)
  2 orcs (D:5)
  5 fungi
  11 plants
  6 withered plants (D:10)
25 creatures vanquished.

Grand Total: 372 creatures vanquished

Notes
Turn   | Place    | Note
-------+----------+-------------------------------------------
     0 | D:1      | siradein the Troll Fighter began the quest for the Orb.
     0 | D:1      | Reached XP level 1. HP: 22/22 MP: 0/0
   212 | D:1      | Reached XP level 2. HP: 29/29 MP: 1/1
   362 | D:1      | Reached XP level 3. HP: 36/36 MP: 2/2
   568 | D:2      | Found Pevim's Antique Weapon Emporium.
   716 | D:2      | Found Moovah's Antique Weapon Boutique.
   726 | D:2      | Found Zyof's Assorted Antiques.
   766 | D:2      | Found Zicrekat's Weapon Shop.
   827 | D:2      | Found Tymir's Armour Shoppe.
   835 | D:2      | Reached XP level 4. HP: 42/45 MP: 3/3
  1105 | D:3      | Noticed a scorpion
  1107 | D:3      | Noticed Grinder
  1138 | D:2      | Killed a scorpion
  1139 | D:2      | Reached skill level 1 in Throwing
  1139 | D:2      | Reached XP level 5. HP: 13/53 MP: 4/4
  1301 | D:3      | Paralysed by Grinder for 3 turns
  1312 | D:3      | Paralysed by Grinder for 3 turns
  1321 | D:3      | Killed Grinder
  1322 | D:3      | Reached XP level 6. HP: 33/62 MP: 5/5
  1569 | D:3      | Noticed Robin
  1586 | D:3      | Killed Robin
  2322 | D:4      | Reached XP level 7. HP: 57/68 MP: 6/6
  3037 | D:5      | Entered Level 5 of the Dungeon
  3112 | D:5      | Noticed a steam dragon
  3195 | D:4      | Killed a steam dragon
  3196 | D:4      | Reached skill level 5 in Shields
  3196 | D:4      | Reached skill level 5 in Unarmed Combat
  3196 | D:4      | Reached XP level 8. HP: 55/79 MP: 7/7
  3235 | D:5      | Found a staircase to the Ecumenical Temple.
  3273 | Temple   | Entered the Ecumenical Temple
  3477 | D:5      | Reached skill level 5 in Fighting
  3793 | D:5      | Found a glowing golden altar of the Shining One.
  3805 | D:5      | Gained mutation: You are resistant to electric shocks.
                  | (rElec) [potion of mutation]
  3805 | D:5      | Gained mutation: You possess an exceptional clarity of
                  | mind. [potion of mutation]
  4059 | D:6      | Reached XP level 9. HP: 88/88 MP: 8/8
  4101 | D:6      | Reached skill level 5 in Throwing
  4112 | D:6      | Noticed Dowan
  4142 | D:6      | Killed Dowan
  4172 | D:6      | Noticed Menkaure
  4175 | D:6      | Found a basalt altar of Yredelemnul.
  4178 | D:6      | Killed Menkaure
  4459 | D:6      | Noticed Duvessa
  4473 | D:6      | Killed Duvessa
  4796 | D:7      | Found Wepsojir's Antique Armour Emporium.
  5727 | D:7      | Identified a scroll of acquirement
  5977 | D:8      | Reached skill level 1 in Armour
  6066 | D:8      | Found Vugoeqoi's Island Escapes.
  6233 | D:8      | Reached XP level 10. HP: 73/100 MP: 9/9
  6606 | D:8      | Noticed a cyclops
  6641 | D:8      | Killed a cyclops
  6655 | D:8      | Got the Tractate on Ensorcelling
  7205 | D:9      | Found a staircase to the Lair.
  7603 | D:9      | Noticed a two-headed ogre
  7611 | D:9      | Killed a two-headed ogre
  8145 | D:9      | Reached XP level 11. HP: 96/109 MP: 10/10
  8207 | D:9      | Found Fudopo's Armour Emporium.
  8472 | D:9      | Noticed a death knight
  8535 | D:9      | Acquired 432 gold pieces
  8580 | D:10     | Entered Level 10 of the Dungeon
  8857 | D:10     | Noticed a two-headed ogre
  8865 | D:10     | Killed a two-headed ogre
  8978 | D:10     | Noticed a two-headed ogre
  9028 | D:10     | Found a blossoming altar of Fedhas.
  9191 | D:10     | Reached skill level 5 in Dodging
  9329 | D:10     | Killed a two-headed ogre
  9425 | D:10     | Found an ancient bone altar of Kikubaaqudgha.
 10045 | D:11     | Identified the +2 leather armour "Tigot" {Int-4 Slay+5}
 10116 | D:11     | Noticed an eight-headed hydra
 10122 | D:11     | Killed an eight-headed hydra
 10522 | Lair:1   | Entered Level 1 of the Lair of Beasts
 10621 | Lair:1   | Reached XP level 12. HP: 113/119 MP: 11/11
 10709 | Lair:1   | Noticed a boulder beetle
 10727 | Lair:1   | Killed a boulder beetle
 10854 | Lair:1   | Reached skill level 5 in Armour
 10991 | Lair:1   | Noticed an eight-headed hydra
 11004 | Lair:1   | Killed an eight-headed hydra
 11201 | Lair:1   | Found an ancient bone altar of Kikubaaqudgha.
 11611 | Lair:2   | Noticed a six-headed hydra
 11625 | Lair:2   | HP: 6/120 [six-headed hydra (3)]
 11625 | Lair:2   | Slain by a six-headed hydra

Illustrated notes

Levels and vault maps discovered:
D:1:      lightli_arrival_lavapool, layout_basic
D:2:      layout_basic, serial_shops, shop_statue, nicolae_diamond_shop, shop,
          shop, nicolae_shop_bloodbath_and_beyond
D:3:      layout_basic, uniq_robin, uniq_grinder
D:4:      layout_basic, palyth_stone_intersect
D:5:      layout_basic, mainiacjoe_overflow_alcove_1,
          minmay_temple_entry_slanted
D:6:      layout_loops_ring, lemuel_round_altar, grunt_ministairs_9,
          uniq_menkaure, uniq_duvessa
D:7:      layout_cave_pods, serial_gnoll_camp, gnoll_camp_mini_sergeant,
          gnoll_camp_mini_loothouse, gnoll_camp_mini_shop,
          gnoll_camp_mini_house, solitary_fountain,
          minmay_misc_feat_four_crosses, kennysheep_minor_cross,
          minmay_splitting_lines
D:8:      minmay_chambers_of_fours, layout_loops_corners, nicolae_island_escapes
D:9:      minmay_the_grid_octo_tiled_squarecenter
          [minmay_the_grid_octo_odd_swirl, minmay_the_grid_octo_horde,
          minmay_the_grid_octo_clover, minmay_the_grid_octo_focus,
          minmay_the_grid_square_5x5_megaprize_checkered,
          minmay_the_grid_square_5x5_slash, minmay_the_grid_square_5x5_forky,
          minmay_the_grid_square_5x5_eight, minmay_the_grid_square_5x5_lines],
          layout_grid_maze, lair_entry_dummy, serial_shops, shop
D:10:     layout_loops_ring, grunt_temple_overflow_growth_and_decay,
          serial_undead, serial_undead_f, serial_undead_d, serial_undead_c,
          serial_undead_a, serial_undead_d, grunt_decor_cap
D:11:     layout_loops_ring
Temple:   nicolae_temple_no_exploring_needed
Lair:1:   layout_gridlike, basic_altar
Lair:2:   nzn_winding_woodlands_stair_trap [nzn_winding_woodlands_5x15_twine,
          nzn_winding_woodlands_5x15_concentric,
          nzn_winding_woodlands_5x15_crooked,
          nzn_winding_woodlands_15x15_boxy_spiral,
          nzn_winding_woodlands_5x15_river_crossing,
          nzn_winding_woodlands_5x15_sidewinder,
          nzn_winding_woodlands_5x15_longhouse], layout_regular_city,
          spider_nest_entry_web_field

Skill      XL: |  1  2  3  4  5  6  7  8  9 10 11 12 |
---------------+-------------------------------------+-----
Shields        | 3 4 5 6 7 8 9 |  9.1
Fighting       | 3 4 5 6 7 8 |  8.3
Unarmed Combat | 3 4 5 6 7 8 9 |  9.8
Throwing       | 1 2 3 4 6 7 8 |  8.3
Armour         | 1 3 4 5 |  5.4
Dodging        | 4 5 6 |  6.0

Action                   |  1- 3 |  4- 6 |  7- 9 | 10-12 || total
-------------------------+-------+-------+-------+-------++-------
Melee: Unarmed           |   121 |   135 |   399 |   545 ||  1200
       Trident           |       |       |       |    11 ||    11
Throw: Stone             |       |     5 |       |    10 ||    15
       Dart              |       |       |       |     7 ||     7
       Large rock        |       |       |       |     7 ||     7
       Boomerang         |       |       |       |    10 ||    10
  Use: Scroll            |       |       |     7 |    11 ||    18
       Potion            |       |       |     1 |     2 ||     3
 Stab: Sleeping          |     1 |     1 |     2 |     1 ||     5
Armor: Robe              |    41 |    30 |       |       ||    71
       Animal skin       |       |    10 |     3 |       ||    13
       Steam dragon scal |       |       |    57 |    33 ||    90
       Acid dragon scale |       |       |       |   190 ||   190
Dodge: Dodged            |    28 |    56 |   212 |   383 ||   679
Block: Kite shield       |    49 |    45 |   177 |   356 ||   627

Table legend: (Time is in decaauts)
 A = Elapsed time spent in this place.
 B = Non-inter-level travel time spent in this place.
 C = Inter-level travel time spent in this place.
 D = Time resting spent in this place.
 E = Time spent auto-exploring this place.
 F = Levels seen in this place.
 G = Mean time per level.
                   A        B        C        D        E       F      G
               +--------+--------+--------+--------+--------+-----+--------+
         Total |  11636 |  11083 |    553 |    320 |   8220 |  14 |  831.1 |
       Dungeon |  10535 |  10004 |    531 |    317 |   7386 |  11 |  957.7 |
        Temple |      1 |      1 |      0 |      0 |      0 |   1 |    1.0 |
          Lair |   1099 |   1078 |     21 |      3 |    834 |   2 |  549.5 |
               +--------+--------+--------+--------+--------+-----+--------+

Top non-repeatable levels by time:
     D:9: 1644 daAuts
     D:8: 1272 daAuts
     D:4: 1230 daAuts
     D:7: 1107 daAuts
    D:10: 1058 daAuts
  Lair:1: 939 daAuts
     D:6: 800 daAuts
    D:11: 758 daAuts
     D:3: 750 daAuts
     D:5: 713 daAuts
     D:2: 625 daAuts
     D:1: 573 daAuts
  Lair:2: 159 daAuts
  Temple: 1 daAuts
